 Dungeon Crawl Stone Soup version 0.30.1-9-gdf580d7c3d (webtiles) character file.

Game seed: 8223150322058500658

1424 ringo67 the Chiller (level 8, -9/58 HPs)
             Began as a Vampire Ice Elementalist on Oct 6, 2023.
             Was an Initiate of Sif Muna.
             Mangled by Duvessa
             ... wielding a +0 short sword of electrocution
              (13 damage)
             ... on level 6 of the Dungeon.
             The game lasted 00:15:16 (5095 turns).

ringo67 the Chiller (Vampire Ice Elementalist)      Turns: 5095, Time: 00:15:16

Health: -9/58      AC:  4    Str:  7    XL:     8   Next: 44%
Magic:  5/15       EV: 19    Int: 19    God:    Sif Muna [......]
Gold:   267        SH:  0    Dex: 15    Spells: 9/17 levels left

rFire   . . .        v - +2 dagger (venom)
rCold   . . .        (no shield)
rNeg    . . .        q - +0 robe {Will+}
rPois   .            (no helmet)
rElec   .            (no cloak)
rCorr   .            w - +0 pair of gloves
SInv    +            r - +0 pair of boots
Will    +....        (no amulet)
Stlth   +            x - +5 ring of evasion
HPRegen 0.49/turn    (no ring)
MPRegen 0.14/turn

%: no passive effects
@: lit by a corona, freezing walls, very slightly contaminated, healing quickly,
glowing
A: alive, fangs 3, see invisible, vampiric 2
a: Exsanguinate, Renounce Religion


You were on level 6 of the Dungeon.
You worshipped Sif Muna.
Sif Muna was noncommittal.
You visited 2 branches of the dungeon, and saw 7 of its levels.

You collected 267 gold pieces.

Inventory:

Hand Weapons
 f - a +0 dagger
 k - a +0 long sword
 v - a +2 dagger of venom (weapon)
Missiles
 h - 8 poisoned darts
 y - a throwing net
Armour
 q - a +0 robe of willpower (worn)
 r - a +0 pair of boots (worn)
 w - a +0 pair of gloves (worn)
 A - a +2 ring mail of poison resistance
Jewellery
 j - a ring of wizardry
 n - a ring of fire
 s - an amulet of the acrobat
 x - a +5 ring of evasion (left hand)
 B - a ring of flight
Scrolls
 c - a scroll of immolation {unknown}
 i - 4 scrolls of identify {unknown}
 l - a scroll of enchant weapon {unknown}
 m - a scroll of noise {unknown}
 o - 4 scrolls of teleportation {unknown}
 t - 3 scrolls of fear {unknown}
 z - a scroll of vulnerability {unknown}
 C - a scroll of fog {unknown}
Potions
 a - a potion of degeneration {unknown}
 b - 2 potions of magic
 d - 4 potions of brilliance
 e - a potion of might {unknown}
 g - a potion of attraction {unknown}
 p - 2 potions of curing
 u - a potion of haste {unknown}


   Skills:
 + Level 3.4 Fighting
 - Level 1.2 Armour
 - Level 5.2 Dodging
 - Level 3.0 Stealth
 - Level 5.0 Spellcasting
 + Level 3.7 Summonings
 + Level 6.6 Ice Magic


You had 9 spell levels left.
You knew the following spells:

 Your Spells              Type           Power      Damage    Failure   Level
a - Freeze                Ice            100%       1d10      1%          1
b - Frozen Ramparts       Ice            60%        1d10      2%          3
c - Summon Ice Beast      Ice/Summ       24%        N/A       14%         4

Your spell library contained the following spells:

 Spells                   Type           Power      Damage    Failure   Level
 Ozocubu's Armour         Ice            30%        N/A       2%          3
 Magic Dart               Conj           16%        1d3       12%         1
 Poisonous Vapours        Pois/Air       8%         N/A       19%         2
 Scorch                   Fire           8%         2d5       19%         2
 Searing Ray              Conj           8%         2d4       19%         2
 Mephitic Cloud           Conj/Pois/Air  4%         N/A       36%         3
 Flame Wave               Conj/Fire      4%         2d5       77%         4
 Fulminant Prism          Conj/Hex       2%         3d5       77%         4
 Freezing Cloud           Conj/Ice/Air   6%         6-21      80%         5
 Summon Cactus Giant      Summ           9%         N/A       99%         6


Dungeon Overview and Level Annotations

Branches:
Dungeon (6/15)             Temple (1/1) D:6

Altars:
Hepliaklqana
Kikubaaqudgha
Okawaru
Sif Muna
Trog
Uskayaw
Wu Jian
Yredelemnul

Shops:
D:5 [

Annotations:
D:6 Duvessa


Innate Abilities, Weirdness & Mutations

Your natural rate of healing is accelerated.
You have razor-sharp teeth.
You have supernaturally acute eyesight. (SInv)
You are afflicted with vampirism and can become a bat while bloodless.


Message History

The wall freezes Duvessa but does no damage.
Duvessa hits you but does no damage.
You are electrocuted!!
You barely miss Duvessa.
The wall freezes Duvessa but does no damage.
Duvessa shouts, "You can run, but you cannot escape us forever!"
Duvessa hits you with a +0 short sword of electrocution.
The wall freezes Dowan but does no damage.
Dowan hits you with a +0 dagger.
You hit Duvessa.
Duvessa is lightly wounded.
The wall freezes Duvessa but does no damage.
Duvessa barely misses you.
The wall freezes Dowan.
You kill Dowan!
Sif Muna accepts your kill.
Duvessa screams, "No!
How DARE you!"
Duvessa goes berserk!
You barely miss Duvessa. You bite Duvessa, but do no damage.
Duvessa is lightly wounded.
The wall freezes Duvessa but does no damage.
Duvessa closely misses you.
The wall freezes Duvessa.
Duvessa hits you with a +0 short sword of electrocution.
Your ice beast hits Duvessa.
Your ice beast freezes Duvessa!
Unknown command.
You catch the helpless Duvessa completely off-guard!
You puncture Duvessa! Your bite misses Duvessa.
Duvessa is heavily wounded.
The wall freezes Duvessa.
Duvessa hits you with a +0 short sword of electrocution!
* * * LOW HITPOINT WARNING * * *
Your ice beast closely misses Duvessa.
You hit Duvessa but do no damage.
Duvessa is poisoned.
You bite Duvessa.
Duvessa is heavily wounded.
The wall freezes Duvessa.
Duvessa hits you with a +0 short sword of electrocution.
* * * LOW HITPOINT WARNING * * *
The wall freezes Duvessa.
Duvessa hits you with a +0 short sword of electrocution!
* * * LOW HITPOINT WARNING * * *
You are electrocuted!
You die...

..#
#...............#
..#
#....######..##.#
..# #....######.##
# #..#
#....#........ ....
######....#........
...
#.........#........
#Y
..........#........
..........#/.......
.........@#........
.........Ye...$....
).........#........
.######...#........
#...#........
#...#........
#...#......?.
#####......!.
#########


You could see Duvessa (berserk, very poisoned, ally target) and a friendly ice
beast (summoned).

Vanquished Creatures
  Pikel (D:6)
  A sky beast (D:6)
  A centaur (D:5)
  A phantom (D:5)
  3 scorpions
  Dowan (D:6)
  2 howler monkeys
  An orc priest (D:4)
  A gnoll bouda (D:5)
  A hound (D:6)
  Jessica (D:2)
  2 orc wizards (D:5)
  11 gnolls
  8 adders
  2 white imps
  2 worms
  2 dart slugs
  10 orcs
  4 ball pythons
  5 endoplasms
  10 goblins
  5 hobgoblins
  4 jackals (D:4)
  2 quokkas
  4 bats
  A frilled lizard (D:2)
  7 kobolds
  8 rats
101 creatures vanquished.

Vanquished Creatures (collateral kills)
  A gnoll (D:5)
  An orc (D:5)
2 creatures vanquished.

Grand Total: 103 creatures vanquished

Notes
Turn   | Place    | Note
-------+----------+-------------------------------------------
     0 | D:1      | ringo67 the Vampire Ice Elementalist began the quest for
                  | the Orb.
     0 | D:1      | Reached XP level 1. HP: 13/13 MP: 3/3
   258 | D:1      | Reached XP level 2. HP: 19/19 MP: 1/5
  1162 | D:2      | Gained mutation: You are afflicted with vampirism and can
                  | become a bat while bloodless. [Vampire growth]
  1162 | D:2      | Reached XP level 3. HP: 24/24 MP: 4/6
  1246 | D:2      | Noticed Jessica
  1268 | D:2      | Killed Jessica
  1480 | D:2      | Reached XP level 4. HP: 30/30 MP: 8/8
  2082 | D:3      | HP: 1/30 [poisoned by a goblin]
  2342 | D:3      | Noticed a phantom
  2506 | D:4      | Reached XP level 5. HP: 35/35 MP: 9/9
  2716 | D:4      | Reached skill level 5 in Ice Magic
  2895 | D:4      | Learned a level 3 spell: Frozen Ramparts
  2900 | D:4      | Learned a level 4 spell: Summon Ice Beast
  2986 | D:4      | Reached XP level 6. HP: 36/42 MP: 3/11
  3310 | D:5      | Entered Level 5 of the Dungeon
  3485 | D:5      | Found Zyori's Antique Armour Shop.
  3523 | D:5      | Reached skill level 1 in Fighting
  3523 | D:5      | Reached skill level 1 in Summonings
  3679 | D:6      | Noticed Pikel
  3694 | D:6      | Killed Pikel
  3695 | D:6      | Reached skill level 5 in Dodging
  3695 | D:6      | Reached skill level 6 in Ice Magic
  3695 | D:6      | Reached XP level 7. HP: 41/51 MP: 6/13
  3834 | D:6      | Found an ornate altar of the Wu Jian Council.
  4486 | D:5      | Reached XP level 8. HP: 47/57 MP: 10/14
  4488 | D:5      | Reached skill level 1 in Armour
  4899 | D:6      | Reached skill level 5 in Spellcasting
  4985 | D:6      | Found a staircase to the Ecumenical Temple.
  4998 | Temple   | Entered the Ecumenical Temple
  5034 | Temple   | Became a worshipper of Sif Muna the Loreminder
  5083 | D:6      | Noticed Duvessa
  5083 | D:6      | Noticed Dowan
  5092 | D:6      | Killed Dowan
  5095 | D:6      | Mangled by Duvessa

Illustrated notes

Levels and vault maps discovered:
D:1:      dpeg_arrival_round_a, layout_loops_cross, minmay_tetromino_i4
D:2:      layout_basic, uniq_jessica
D:3:      layout_basic, biasface_ghost_orc_armoury, serial_bayou,
          serial_bayou_ford_a, serial_bayou_pond_c, serial_bayou_lake_a,
          serial_bayou_pond_e
D:4:      layout_basic, minivault_11, minmay_misc_feat_rows,
          dreamdust_mushroom_princess
D:5:      layout_basic, serial_shops, shop, hex_medium, serial_bayou_pond_e
D:6:      layout_basic, zin_purify, overflow_temple_1_default,
          nicolae_wu_jian_wuxing_cycle, minmay_temple_entry_glass, uniq_pikel,
          uniq_grinder, uniq_duvessa, uniq_sigmund
Temple:   bh_familiar_temple

Skill      XL: |  1  2  3  4  5  6  7  8 |
---------------+-------------------------+-----
Dodging        | 3 4 5 |  5.2
Spellcasting   | 3 4 5 |  5.0
Ice Magic      | 5 6 |  6.6
Fighting       | 2 3 |  3.4
Summonings     | 2 3 |  3.7
Armour         | 1 |  1.2
Stealth        | |  3.0

Action                     |  1- 3 |  4- 6 |  7- 9 || total
---------------------------+-------+-------+-------++-------
  Melee: Dagger            |     6 |    99 |    38 ||   143
         Unarmed           |     2 |       |       ||     2
         Bite              |     3 |     7 |     6 ||    16
         Long sword        |    18 |    15 |       ||    33
         Punch             |       |     1 |     1 ||     2
   Cast: Freeze            |    34 |    25 |       ||    59
         Frozen Ramparts   |       |     5 |    11 ||    16
         Summon Ice Beast  |       |       |     4 ||     4
    Use: Potion            |       |     1 |       ||     1
   Stab: Sleeping          |     3 |     9 |     2 ||    14
         Distracted        |       |       |     1 ||     1
 Armour: Robe              |    10 |    13 |     6 ||    29
  Dodge: Dodged            |    33 |    79 |    44 ||   156
